 Dungeon Crawl Stone Soup version 0.20.0-8-g6b59dc7 (webtiles) character file.

404 Mesmaeker13 the Ducker (level 6, 0/32 HPs)
             Began as a Deep Elf Wizard on May 30, 2017.
             Killed from afar by an orc wizard (7 damage)
             ... with a puff of flame
             ... on level 4 of the Dungeon.
             The game lasted 00:12:14 (4157 turns).

Mesmaeker13 the Ducker (Deep Elf Wizard)            Turns: 4157, Time: 00:12:15

Health: 0/32       AC:  3    Str: 11    XL:     6   Next: 56%
Magic:  0/14       EV: 15    Int: 23    God:
Gold:   160        SH:  0    Dex: 15    Spells: 7/13 levels left

rFire    . . .     SeeInvis .   i - +4 short sword
rCold    . . .     Gourm    .   (no shield)
rNeg     . . .     Faith    .   a - +0 robe
rPois    .         Spirit   .   b - +1 hat
rElec    .         Reflect  .   (no cloak)
rCorr    .         Harm     .   (no gloves)
MR       .....                  (no boots)
Stlth    ++........             (no amulet)
Regen    0.1/turn               v - +5 ring of strength
MPRegen  0.2/turn               (no ring)

@: confused, very slightly contaminated
A: thin skeletal structure 1, sense surroundings 1
a: no special abilities


You were on level 4 of the Dungeon.
You were not hungry.

You visited 1 branch of the dungeon, and saw 4 of its levels.

You collected 160 gold pieces.

Inventory:

Hand Weapons
 i - a +4 short sword (weapon)
Armour
 a - a +0 robe (worn)
 b - a +1 hat (worn)
Jewellery
 v - a +5 ring of strength (left hand)
Wands
 n - a wand of digging (14/24)
Scrolls
 f - a scroll of immolation
 h - a scroll of enchant armour
 k - a scroll of identify
 p - a scroll of teleportation
 r - a scroll of magic mapping
 u - a scroll of noise {unknown}
Potions
 e - a potion of lignification {unknown}
 l - a potion of haste {unknown}
 m - 2 potions of invisibility {unknown}
 q - 2 potions of mutation
Books
 c - a book of Minor Magic

   Spells                             Type                      Level
   a - Magic Dart                     Conjuration                  1
   b - Blink                          Translocation                2
   c - Call Imp                       Summoning                    2
   d - Slow                           Hexes                        2
   e - Conjure Flame                  Conjuration/Fire             3
   f - Mephitic Cloud                 Conjuration/Poison/Air       3
Comestibles
 d - 2 bread rations
 g - a chunk of flesh
 j - a meat ration


   Skills:
 + Level 5.0 Dodging
 - Level 2.4 Stealth
 - Level 4.4 Spellcasting
 + Level 4.1 Conjurations
 - Level 3.0 Summonings
   Level 1.1 Translocations
 + Level 1.7 Air Magic
 + Level 2.4 Poison Magic


You had 7 spell levels left.
You knew the following spells:

 Your Spells              Type           Power        Failure   Level  Hunger
a - Magic Dart            Conj           ###.         1%          1    None
b - Call Imp              Summ           ###.....     4%          2    None
c - Mephitic Cloud        Conj/Pois/Air  ###.....     10%         3    ##.....


Dungeon Overview and Level Annotations

Branches:
Dungeon (4/15)
 Temple: D:4-7

Altars:
Qazlal


Innate Abilities, Weirdness & Mutations

You have a somewhat thin skeletal structure. (Dex +2, Stealth)
You passively map a small area around you.


Message History

Aiming: Mephitic Cloud
Press: ? - help, Shift-Dir - straight line, f/p - orc
Aim: an orc (noxious fumes, confused)
You miscast Mephitic Cloud.
You feel sick.
The orc is engulfed in noxious fumes.
The orc appears confused.
The orc barely misses the orc priest.
The orc wizard hits you but does no damage.
You feel better. The orc wizard hits you with a dagger.
You barely miss the orc wizard.
The orc wizard is almost dead.
The orc hits something but does no damage.
The orc wizard gestures at you while chanting.
You are confused.
The orc priest mumbles some strange prayers to Beogh against you.
Beogh smites you!
* * * LOW HITPOINT WARNING * * *
You hear a shout!
The orc wizard gestures at you while chanting.
The puff of flame hits you!
You die...

* **#o , #≈ , o.* * **
* # #. #≈≈ * #o* ,*
#≈P, #.* #≈≈
#.############ #≈.
*#....o...o.o.# * *
#.≈, , ≈############o#
#. ##### #@## #.# #....
** #.o# #.# #.##. ≈ ≈
,, #..# #.# #.... * ≈
#####.##### #.# ####. *
#≈.b#.#...# #.# #. ≈
#≈..#.#...###.######. ≈
#≈.≈#.#..≈#.......÷.. ≈
###P≈.#.#.≈P###.#######
#.#.≈.#.#.P.#.#.#


You could see an orc priest, an orc wizard and an orc (confused).

Vanquished Creatures
  4 orc priests
  A bullfrog skeleton (D:4)
  2 orc wizards
  4 adders
  An ooze (D:2)
  A worm (D:2)
  A dart slug (D:1)
  2 leopard geckos
  12 orcs
  8 bats
  2 giant cockroaches
  3 goblins
  8 hobgoblins
  5 jackals
  6 kobolds
  3 quokkas
  5 frilled lizards
  9 rats
77 creatures vanquished.

Vanquished Creatures (collateral kills)
  A bullfrog (D:3)
  3 orc priests
  An adder (D:3)
  A shadow imp (D:3)
  2 goblins
  2 jackals
10 creatures vanquished.

Vanquished Creatures (others)
  An adder (D:2)
  3 fungi (D:4)
4 creatures vanquished.

Grand Total: 91 creatures vanquished

Notes
Turn   | Place    | Note
-------+----------+-------------------------------------------
     0 | D:1      | Mesmaeker13 the Deep Elf Wizard began the quest for the Orb.
     0 | D:1      | Reached XP level 1. HP: 10/10 MP: 7/7
   175 | D:1      | Reached skill level 3 in Dodging
   175 | D:1      | Reached XP level 2. HP: 15/15 MP: 3/9
   353 | D:1      | Learned a level 2 spell: Call Imp
   841 | D:2      | Reached XP level 3. HP: 14/19 MP: 2/10
  1428 | D:2      | Reached XP level 4. HP: 23/24 MP: 7/12
  1457 | D:2      | Found a stormy altar of Qazlal.
  1631 | D:2      | Learned a level 3 spell: Mephitic Cloud
  1651 | D:3      | Reached skill level 4 in Dodging
  2005 | D:3      | Reached skill level 1 in Poison Magic
  2855 | D:2      | Reached XP level 5. HP: 25/28 MP: 7/13
  3151 | D:2      | Gained mutation: You have a somewhat thin skeletal structure. (Dex +2, Stealth) [potion of mutation]
  3151 | D:2      | Gained mutation: You passively map a small area around you. [potion of mutation]
  3188 | D:2      | Reached skill level 1 in Air Magic
  3345 | D:2      | Reached XP level 6. HP: 5/32 MP: 8/14
  3631 | D:3      | Reached skill level 5 in Dodging
  4157 | D:4      | Killed from afar by an orc wizard

Skill      XL: |  1  2  3  4  5  6 |
---------------+-------------------+-----
Dodging        | 3 4 5 |  5.0
Conjurations   | 2 3 4 |  4.1
Summonings     | 2 3 |  3.0
Poison Magic   | 1 2 |  2.4
Air Magic      | 1 |  1.7
Stealth        | |  2.4
Spellcasting   | |  4.4
Translocations | |  1.1

Action                   |  1- 3 |  4- 6 || total
-------------------------+-------+-------++-------
Melee: Club              |     2 |       ||     2
       Short sword       |    12 |    78 ||    90
       Dagger            |       |    14 ||    14
 Cast: Magic Dart        |    66 |    77 ||   143
       Call Imp          |     5 |    15 ||    20
       Mephitic Cloud    |       |    17 ||    17
  Use: Scroll            |     3 |     3 ||     6
       Potion            |       |     3 ||     3
 Stab: Sleeping          |       |     2 ||     2
       Confused          |       |     1 ||     1
  Eat: Chunk             |     1 |    10 ||    11
Armor: Robe              |     8 |    22 ||    30
Dodge: Dodged            |    23 |   118 ||   141
